 Dungeon Crawl Stone Soup version 0.20.1-1-g8b1a95d (webtiles) character file.

469 juanjsm the Sneak (level 6, -54/30 HPs)
             Began as a Spriggan Enchanter on Oct 24, 2017.
             Killed from afar by an orc (55 damage)
             ... with an exploding inner flame
             ... hexed by the player character
             ... on level 5 of the Dungeon.
             The game lasted 00:18:20 (3531 turns).

juanjsm the Sneak (Spriggan Enchanter)              Turns: 3531, Time: 00:18:21

Health: -54/30     AC:  3    Str:  9    XL:     6   Next: 82%
Magic:  1/13       EV: 20    Int: 23    God:
Gold:   128        SH:  0    Dex: 17    Spells: 4/13 levels left

rFire    x . .     SeeInvis +   a - +1 dagger
rCold    + . .     Gourm    .   (shield restricted)
rNeg     . . .     Faith    .   v - +1 robe {MR+}
rPois    .         Spirit   .   (helmet restricted)
rElec    .         Reflect  .   (no cloak)
rCorr    .         Harm     .   (gloves unavailable)
MR       ++...                  (boots unavailable)
Stlth    ++++......             (no amulet)
Regen    0.1/turn               p - +5 ring of intelligence
MPRegen  0.2/turn               n - ring of ice

@: mighty, hasted, very quick
A: unfitting armour, see invisible, herbivore 3, speed 3, slow metabolism 2
a: no special abilities


You were on level 5 of the Dungeon.
You were not hungry.

You visited 2 branches of the dungeon, and saw 6 of its levels.

You collected 128 gold pieces.

Inventory:

Hand Weapons
 a - a +1 dagger (weapon)
 x - the +3 falchion "Leviticus" {venom, Dex+3, unknown}
   (You found it on level 5 of the Dungeon)

   It poisons the flesh of those it strikes.
   It affects your dexterity (+3).
Missiles
 h - 2 throwing nets (quivered)
 l - 26 poisoned needles
Armour
 b - a +1 robe
 v - a +1 robe of magic resistance (worn)
Jewellery
 n - a ring of ice (right hand)
 p - a +5 ring of intelligence (left hand)
Scrolls
 e - 3 scrolls of remove curse
 f - 2 scrolls of enchant armour
 j - 4 scrolls of identify
 r - a scroll of teleportation
Potions
 g - a potion of lignification
 i - a potion of mutation {unknown}
 m - 2 potions of haste
 q - a potion of flight {unknown}
 s - a potion of brilliance {unknown}
 u - 2 potions of curing
Books
 c - a book of Maledictions

   Spells                             Type                      Level
   a - Corona                         Hexes                        1
   b - Ensorcelled Hibernation        Hexes/Ice                    2
   c - Confuse                        Hexes                        3
   d - Tukima's Dance                 Hexes                        3
   e - Dazzling Spray                 Conjuration/Hexes            3
Comestibles
 d - a bread ration
 t - 3 royal jellies


   Skills:
 + Level 2.0 Fighting
 + Level 3.1 Short Blades
 + Level 5.0 Dodging
 + Level 6.7 Stealth
 + Level 4.3 Spellcasting
 + Level 5.0 Hexes


You had 4 spell levels left.
You knew the following spells:

 Your Spells              Type           Power        Failure   Level  Hunger
a - Corona                Hex            ####...      1%          1    None
b - Ensorcelled Hibernat  Hex/Ice        ###...       5%          2    #......
c - Confuse               Hex            ####....     3%          3    ##.....
d - Dazzling Spray        Conj/Hex       ###...       11%         3    ##.....


Dungeon Overview and Level Annotations

Branches:
Dungeon (5/15)             Temple (1/1) D:4

Altars:
Ashenzari
Cheibriados
Dithmenos
Hepliaklqana
Kikubaaqudgha
Makhleb
Trog
Vehumet
Xom
Yredelemnul
Zin
The Shining One
Lugonu

Shops:
D:4 %


Innate Abilities, Weirdness & Mutations

You are very small and have problems with some larger weapons.
You are too small for most types of armour.
You have supernaturally acute eyesight. (SInv)
You are a herbivore.
You cover ground extremely quickly.
You need consume almost no food.


Message History

The orc wizard hits you but does no damage.
It was a potion of curing.
You feel better. The howler monkey hits you.
The orc hits you but does no damage.
Okay, then.
It was a potion of might.
You feel very mighty all of a sudden. The howler monkey hits you.
The orc wizard misses you.
You puncture the howler monkey!
The howler monkey explodes!
The fiery explosion engulfs the orc wizard.
The orc wizard explodes!
The fiery explosion engulfs you! The fire burns you terribly!
Ouch! That really hurt!
* * * LOW HITPOINT WARNING * * *
Your Hexes skill increases to level 5!
The fiery explosion engulfs the orc.
The orc explodes!
The fiery explosion engulfs you! The fire burns you terribly!
Ouch! That really hurt!
You die...

##. .....#
....##....## ###.
....#......# .#..
...........# #...
...........###..# ##
.....§§§§.......# ..#
.....§§§§......# ....
......§§§......#
#...#
.....§§@§§....###...#
..............##...#
..>.....####.=....#
......### ##....##
.....# ##....####
..... #........ ####
#.######. ##..####
###......# .


There were no monsters in sight!

Vanquished Creatures
  Blork the orc (D:4)
  A howler monkey (D:5)
  An orc priest (D:5)
  2 bullfrog skeletons
  2 orc wizards (D:5)
  Jessica (D:2)
  Natasha (D:2)
  A worker ant zombie (D:5)
  3 gnolls (D:4)
  4 adders
  An adder skeleton (D:4)
  A worm (D:2)
  3 dart slugs
  2 leopard geckos (D:3)
  8 orcs
  2 ball pythons
  10 bats
  6 giant cockroaches
  3 goblins
  4 hobgoblins
  6 jackals
  2 quokkas
  3 frilled lizards
  6 kobolds
  A leopard gecko skeleton (D:5)
  6 rats
81 creatures vanquished.

Notes
Turn   | Place    | Note
-------+----------+-------------------------------------------
     0 | D:1      | juanjsm the Spriggan Enchanter began the quest for the Orb.
     0 | D:1      | Reached XP level 1. HP: 9/9 MP: 5/5
   205 | D:1      | Reached XP level 2. HP: 7/13 MP: 6/6
   209 | D:1      | Learned a level 2 spell: Ensorcelled Hibernation
   591 | D:1      | Reached XP level 3. HP: 5/17 MP: 4/8
   599 | D:1      | Learned a level 3 spell: Confuse
   772 | D:2      | Noticed Natasha
   926 | D:2      | Reached skill level 5 in Stealth
  1030 | D:2      | Reached skill level 1 in Fighting
  1060 | D:2      | Noticed Jessica
  1323 | D:2      | Killed Jessica
  1323 | D:2      | Reached XP level 4. HP: 22/22 MP: 9/9
  1393 | D:2      | Killed Natasha
  1459 | D:2      | You fall through a shaft!
  1471 | D:3      | Learned a level 3 spell: Dazzling Spray
  2042 | D:3      | Reached XP level 5. HP: 25/25 MP: 5/10
  2156 | D:3      | Found a glowing silver altar of Zin.
  2229 | D:4      | Found Laar's Food Emporium.
  2301 | D:4      | Reached skill level 6 in Stealth
  2415 | D:4      | Found a staircase to the Ecumenical Temple.
  2464 | Temple   | Entered the Ecumenical Temple
  2538 | D:4      | Found a glowing golden altar of the Shining One.
  2562 | D:4      | Found a bloodstained altar of Trog.
  2833 | D:4      | Noticed Blork the orc
  2849 | D:4      | Killed Blork the orc
  2938 | D:4      | Reached XP level 6. HP: 30/30 MP: 7/12
  3117 | D:4      | Found a shattered altar of Ashenzari.
  3302 | D:5      | Entered Level 5 of the Dungeon
  3307 | D:5      | Found a basalt altar of Yredelemnul.
  3329 | D:5      | Found a radiant altar of Vehumet.
  3452 | D:5      | Got a smoking falchion
  3491 | D:5      | Reached skill level 5 in Dodging
  3531 | D:5      | HP: 1/30 [orc wizard/exploding inner flame[the player character] (22)]
  3531 | D:5      | Reached skill level 5 in Hexes
  3531 | D:5      | Killed from afar by an orc

Skill      XL: |  1  2  3  4  5  6 |
---------------+-------------------+-----
Hexes          | 4 5 |  5.0
Stealth        | 5 6 |  6.7
Fighting       | 1 2 |  2.0
Spellcasting   | 3 4 |  4.3
Short Blades   | 2 3 |  3.1
Dodging        | 4 5 |  5.0

Action                   |  1- 3 |  4- 6 || total
-------------------------+-------+-------++-------
Melee: Dagger            |   168 |    95 ||   263
 Cast: Corona            |     9 |     1 ||    10
       Ensorcelled Hiber |    32 |    29 ||    61
       Dazzling Spray    |       |     3 ||     3
       Confuse           |       |     7 ||     7
  Use: Scroll            |     4 |     4 ||     8
       Potion            |     1 |     5 ||     6
 Stab: Sleeping          |    29 |    25 ||    54
       Invisible         |       |     2 ||     2
       Confused          |       |     4 ||     4
  Eat: Bread ration      |       |     1 ||     1
Armor: Robe              |    22 |     6 ||    28
Dodge: Dodged            |   197 |    92 ||   289
